Map: Newkirk Precinct TE (Void)

Players

Railgan - Winner!

  • Race: Zerg Zerg
  • League: Grandmaster
  • Spawn Location: 5:00

NiceTry

  • Race: Terran Terran
  • League: Master
  • Spawn Location: 7:00

VOD

Have the link to the VOD?

Description

Time

  • Played on: March 18, 2017, 7 p.m.
  • Length: 9:42
Show
View Real Time Build Order
Export as new Build Order

Railgan Zerg - Winner!

Build Orders: Pool First 

Get SALT Encoding   

  12  0:02  Drone  
  13  0:13  Overlord  
  13  0:18  Drone  
  14  0:31  Drone x2  
  14  0:35  Drone  
  17  0:45  Spawning Pool  
  17  0:49  Drone  
  17  0:56  Drone  
  18  1:12  Hatchery  
  18  1:14  Extractor  
  18  1:17  Drone  
  17  1:21  Drone  
  18  1:32  Queen  
  20  1:33  Zergling x2  
  20  1:39  Drone  
  22  1:50  Overlord  
  22  2:08  Queen  
  24  2:09  Drone  
  24  2:12  Drone  
  26  2:17  Metabolic Boost  
  26  2:27  Queen  
  26  2:29  Drone x2  
  29  2:41  Drone x5  
  33  2:46  Overlord  
  33  2:52  Drone  
  34  3:00  Drone  
  34  3:02  Drone  
  36  3:06  Evolution Chamber  
  36  3:10  Drone  
  36  3:11  Drone  
  37  3:18  Drone x2, Overlord  
  39  3:25  Zergling x2  
  40  3:29  Drone x2  
  40  3:32  Zerg Ground Armor Level 1  
  42  3:36  Extractor  
  42  3:37  Extractor, Zergling x4  
  42  3:38  Zergling x2  
  42  3:41  Drone  
  44  3:42  Drone  
  45  3:50  Lair  
  45  3:53  Drone x2  
  47  3:57  Overlord  
  47  3:59  Drone x2  
  49  4:03  Drone  
  49  4:04  Drone  
  49  4:08  Drone  
  49  4:09  Overlord  
  52  4:16  Overlord  
  52  4:17  Drone  
  52  4:18  Drone  
  52  4:21  Queen  
  52  4:23  Extractor  
  55  4:27  Overlord  
  55  4:30  Zergling x2  
  55  4:31  Zergling x4  
  58  4:44  Zergling x10  
  63  4:52  Queen  
  65  4:53  Zergling x2  
  65  4:58  Zergling x2  
  67  5:01  Zergling x2  
  67  5:02  Hydralisk Den, Overlord  
  67  5:09  Zergling x6  
  70  5:14  Zergling x2  
  70  5:15  Overlord, Zergling x2  
  70  5:16  Zergling x2  
  70  5:20  Zergling x2  
  70  5:37  Hydralisk x5  
  70  5:40  Overlord, Muscular Augments  
  77  5:52  Drone  
  77  5:53  Drone  
  77  5:55  Zerg Ground Armor Level 2  
  79  5:57  Evolution Chamber  
  79  5:58  Drone  
  78  6:13  Hydralisk x5  
  87  6:21  Drone  
  87  6:30  Zerg Missile Weapons Level 1  
  84  6:44  Hydralisk, Hatchery  
  84  6:45  Hydralisk x4  
  93  6:48  Drone  
  94  6:55  Pneumatized Carapace  
  94  7:01  Lurker Den  
  94  7:03  Overlord  
  94  7:04  Drone  
  94  7:05  Drone  
  96  7:12  Hydralisk x3  
  102  7:21  Hydralisk x2  
  102  7:22  Hydralisk  
  108  7:33  Hydralisk  
  108  7:34  Hydralisk x2  
  114  7:43  Hydralisk x3  
  115  8:00  Hydralisk  
  115  8:01  Hydralisk x3  
  119  8:07  Hydralisk x3  
  115  8:16  Hydralisk  
  115  8:17  Hydralisk  
  106  8:26  Drone  
  106  8:27  Drone  
  108  8:28  Overseer  
  108  8:30  Zergling x4  
  110  8:34  Drone  
  110  8:36  Drone x3  
  114  8:45  Hydralisk x3  
  114  8:46  Overseer  
  119  9:02  Hydralisk  
  117  9:03  Hydralisk  
  117  9:04  Hydralisk  
  121  9:15  Overlord  
Show
View Real Time Build Order
Export as new Build Order

NiceTry Terran 

Build Orders: Reaper Expand, MMM Bio 

Get SALT Encoding   

  12  0:01  SCV  
  13  0:13  SCV  
  14  0:18  Supply Depot  
  14  0:25  SCV  
  15  0:40  Barracks, SCV  
  16  0:45  Refinery  
  16  0:52  SCV  
  17  1:04  SCV  
  18  1:16  SCV  
  19  1:28  Reaper, Orbital Command  
  20  1:45  Command Center  
  20  1:54  SCV  
  20  2:00  Barracks  
  21  2:03  Barracks Reactor  
  21  2:07  SCV  
  21  2:17  Supply Depot  
  21  2:20  SCV  
  21  2:22  Refinery  
  22  2:32  SCV  
  23  2:40  Marine x2  
  23  2:44  Factory, SCV  
  26  2:47  Barracks Tech Lab  
  26  2:56  SCV  
  26  2:58  Marine, Orbital Command  
  28  3:02  Marine  
  29  3:08  Marine, SCV  
  31  3:14  Stimpack  
  31  3:18  Marine  
  32  3:20  Marine, SCV  
  32  3:26  SCV  
  35  3:31  Marine  
  35  3:34  Starport  
  36  3:36  Factory Reactor  
  36  3:38  Marine  
  38  3:41  Marine  
  38  3:44  Supply Depot  
  38  3:51  Supply Depot  
  38  3:52  Marine  
  38  3:53  SCV  
  38  3:54  SCV  
  41  3:59  Marine  
  41  4:07  Marine  
  42  4:12  Marine, Supply Depot  
  42  4:15  SCV x2  
  42  4:17  Supply Depot  
  45  4:18  Medivac  
  45  4:21  Medivac  
  49  4:28  Marine x2  
  49  4:29  SCV  
  49  4:31  SCV  
  53  4:33  Marine  
  53  4:38  Engineering Bay  
  54  4:43  SCV  
  54  4:44  SCV  
  56  4:47  Marine x2  
  56  4:51  Marine  
  59  4:59  SCV  
  61  5:00  SCV  
  61  5:02  Engineering Bay  
  61  5:06  Marine x2  
  63  5:09  Marine  
  64  5:16  SCV x2  
  58  5:24  Marine x2  
  58  5:27  Marine  
  61  5:29  Terran Infantry Armor Level 1  
  61  5:39  SCV x2  
  61  5:42  Marine x2  
  65  5:45  Marine  
  65  5:51  Widow Mine  
  65  5:53  SCV x2  
  69  5:57  Command Center  
  69  5:59  Marine  
  69  6:01  Marine  
  71  6:10  Combat Shields  
  70  6:15  Marine  
  70  6:17  SCV x2  
  73  6:22  Factory Reactor, Refinery  
  73  6:23  Refinery  
  73  6:24  Medivac  
  75  6:29  SCV x2  
  77  6:41  SCV x2  
  77  6:46  Marine x3  
  73  6:53  SCV x2  
  75  6:58  Barracks x3  
  75  7:04  Armory  
  75  7:05  Liberator x2  
  75  7:13  Factory Tech Lab  
  75  7:17  Marine x3  
  43  8:18  Orbital Command  
  32  8:25  Marine x2, Supply Depot  
  32  8:26  Marine, Supply Depot  
  29  8:28  Supply Depot  
  29  8:41  SCV  
  30  8:46  Marine  
  30  8:47  Marine x2, Siege Tank  
  30  9:05  Marine x3  
  30  9:09  Medivac x2  
  33  9:15  Marine  
Tags
 
Add a new tag
Caveats
  • Supply blocks, unpowered buildings, or Contaminate may cause inaccurate times.
  • Supply counts are checked every 10 seconds.